 Dungeon Crawl Stone Soup version 0.31.0-12-g77e489cdc1 (webtiles) character file.

Game seed: 5499289139881730946

449 Gadfly the Trooper (level 7, -5/43 HPs)
             Began as a Gargoyle Fighter on Mar 3, 2024.
             Slain by an ogre
             ... wielding a +0 giant club
              (18 damage)
             ... on level 5 of the Dungeon.
             The game lasted 00:04:29 (3777 turns).

Gadfly the Trooper (Gargoyle Fighter)               Turns: 3777, Time: 00:04:30

Health: -5/43      AC: 13    Str: 19    XL:     7   Next: 4%
Magic:  9/9        EV: 10    Int:  9    God:
Gold:   237        SH:  5    Dex: 11    Spells: 6/6 levels left

rFire   . . .        a - +0 flail
rCold   . . .        c - +1 buckler
rNeg    + . .        i - +3 ring mail
rPois   ∞            (no helmet)
rElec   +            (no cloak)
rCorr   .            (no gloves)
SInv    .            (no boots)
Will    .....        (no amulet)
Stlth   +            (no ring)
HPRegen 0.27/turn    (no ring)
MPRegen 0.11/turn

%: no passive effects
@: no status effects
A: sickness immunity, AC +4, negative energy resistance 1, electricity
resistance, torment resistance 1, petrification resistance
a: no special abilities


You were on level 5 of the Dungeon.
You visited 1 branch of the dungeon, and saw 5 of its levels.

You collected 237 gold pieces.

Inventory:

Hand Weapons
 a - a +0 flail (weapon)
Armour
 c - a +1 buckler (worn)
 i - a +3 ring mail (worn)
Jewellery
 k - a ring of ice
Wands
 b - a wand of mindburst (14)
 m - a wand of iceblast (5)
Scrolls
 n - a scroll of enchant armour
Potions
 d - a potion of might
 e - a potion of attraction {unknown}
 f - a potion of resistance {unknown}
 g - a potion of lignification {unknown}
 h - a potion of haste
 j - a potion of berserk rage
 l - a potion of cancellation {unknown}


   Skills:
 + Level 4.2 Fighting
 * Level 3.7 Maces & Flails
 + Level 4.2 Armour
 + Level 4.1 Shields
 * Level 3.4 Invocations
 * Level 2.6 Evocations


You had 6 spell levels left.
You didn't know any spells.
Your spell library contained the following spells:

 Spells                   Type           Power      Damage    Failure   Level
 Slow                     Hex            0%         N/A       63%         1
 Sting                    Conj/Alch      0%         1d3       63%         1
 Mercury Vapours          Alch/Air       0%         N/A       77%         2
 Confusing Touch          Hex            0%         N/A       94%         3
 Sigil of Binding         Hex            0%         N/A       94%         3
 Vampiric Draining        Necr           0%         2d6       94%         3
 Olgreb's Toxic Radiance  Alch           0%         N/A       100%        4


Dungeon Overview and Level Annotations

Branches:
Dungeon (5/15)
 Temple: D:4-7

Altars:
Qazlal


Innate Abilities, Weirdness & Mutations

You are immune to sickness and miasma.
Your stone body is resilient. (AC +4)
You are immune to poison.
You resist negative energy. (rN+)
You are resistant to electric shocks. (rElec)
You are resistant to unholy torment.
You are immune to petrification.


Message History

An ogre comes into view. It is wielding a +0 giant club.
Found a robe.
The ogre closely misses you.
You thump the ogre!
The ogre is heavily wounded.
You hit the ogre.
The ogre is heavily wounded.
The ogre hits you with a +0 giant club!!
Ouch! That really hurt!
You are too injured to fight recklessly!
You are too injured to fight recklessly!
You are too injured to fight recklessly!
You are too injured to fight recklessly!
You are too injured to fight recklessly!
You are too injured to fight recklessly!
You are too injured to fight recklessly!
You are too injured to fight recklessly!
You are too injured to fight recklessly!
You are too injured to fight recklessly!
You are too injured to fight recklessly!
You are too injured to fight recklessly!
You are too injured to fight recklessly!
You are too injured to fight recklessly!
You are too injured to fight recklessly!
You are too injured to fight recklessly!
You are too injured to fight recklessly!
You are too injured to fight recklessly!
You are too injured to fight recklessly!
Unknown command.
You sock the ogre!
The ogre is almost dead.
The ogre hits you with a +0 giant club.
* * * LOW HITPOINT WARNING * * *
You completely miss the ogre.
The ogre is almost dead.
You block the ogre's attack.
You hit the ogre.
The ogre is almost dead.
The ogre hits you with a +0 giant club!!
You die...

#.......# ##....
#......####.....
#......#........
#.....<.....#
##...###....##
#.....###...##
.......###...##
..............#.
.......@..........
......O...........
..................
####.####..##.....
... #...#..... .#.
#......... # .
#........ ..
.....[


You could see an ogre.

Vanquished Creatures
  A water moccasin (D:4)
  A scorpion (D:4)
  A jelly (D:4)
  A hound (D:4)
  Jessica (D:3)
  5 adders
  7 gnolls
  3 dart slugs
  An orc (D:3)
  8 endoplasms
  6 giant cockroaches
  8 goblins
  7 hobgoblins
  5 jackals (D:2)
  2 quokkas (D:1)
  5 ball pythons
  6 bats
  3 frilled lizards (D:1)
  12 kobolds
  2 rats (D:2)
85 creatures vanquished.

Notes
Turn   | Place    | Note
-------+----------+-------------------------------------------
     0 | D:1      | Gadfly the Gargoyle Fighter began the quest for the Orb.
     0 | D:1      | Reached XP level 1. HP: 14/14 MP: 1/1
   205 | D:1      | Reached XP level 2. HP: 10/19 MP: 2/2
   412 | D:1      | Reached skill level 1 in Invocations
   628 | D:1      | Reached XP level 3. HP: 23/23 MP: 3/3
   974 | D:2      | Found a faded altar of an unknown god.
  1021 | D:2      | Reached skill level 1 in Evocations
  1095 | D:2      | Reached XP level 4. HP: 17/28 MP: 5/5
  1961 | D:3      | Reached XP level 5. HP: 33/33 MP: 6/6
  2020 | D:3      | Found a stormy altar of Qazlal.
  2026 | D:3      | Noticed Jessica
  2044 | D:3      | Killed Jessica
  2383 | D:4      | Noticed a water moccasin
  2396 | D:4      | Killed a water moccasin
  2397 | D:4      | Reached XP level 6. HP: 29/38 MP: 6/8
  2808 | D:4      | Reached XP level 7. HP: 43/43 MP: 9/9
  3763 | D:5      | Entered Level 5 of the Dungeon
  3777 | D:5      | Slain by an ogre

Illustrated notes

Levels and vault maps discovered:
D:1:      scummos_arrival_simple_crosswalls, layout_loops_ring,
          roderic_serpentine_path
D:2:      layout_rooms, hellmonk_ecumenical_altar_heavens_door,
          wad_floor_pattern_2, minivault_4
D:3:      wander_river, layout_basic, mainiacjoe_overflow_tiny_flanked,
          kennysheep_generic_room_12, uniq_jessica
D:4:      layout_layer_cave, serial_bayou, serial_bayou_pond_e,
          serial_bayou_ford_a, serial_bayou_shore_a, serial_bayou_shore_b,
          serial_bayou_lagoon_a, serial_bayou_pond_e
D:5:      layout_layer_cave, nicolae_uskayaw_dance_hall,
          minmay_temple_entry_junction_2, corexii_item_surrounded_by_moat,
          grunt_ministairs_15, uniq_crazy_yiuf_cottage

Skill      XL: |  1  2  3  4  5  6 |
---------------+-------------------+-----
Invocations    | 1 2 3 |  3.4
Evocations     | 1 2 |  2.6
Fighting       | 4 |  4.2
Maces & Flails | 3 |  3.7
Armour         | 4 |  4.2
Shields        | 4 |  4.1

Action                     |  1- 3 |  4- 6 |  7- 9 || total
---------------------------+-------+-------+-------++-------
  Melee: Flail             |   111 |   190 |    11 ||   312
    Use: Scroll            |     2 |     5 |     2 ||     9
         Potion            |       |     1 |       ||     1
 Armour: Scale mail        |   104 |    97 |       ||   201
         Ring mail         |       |    59 |     6 ||    65
  Dodge: Dodged            |    57 |    97 |     3 ||   157
  Block: Buckler           |    30 |    56 |     1 ||    87
